 Dungeon Crawl Stone Soup version 0.27-a0-1202-ge72e49191c (webtiles) character file.

Game seed: 9584243657861148171

184 freelancePsychic the Digger (level 5, -1/28 HPs)
             Began as a Gargoyle Earth Elementalist on June 3, 2021.
             Killed by divine providence
             ... invoked by an orc priest
              (10 damage)
             ... on level 4 of the Dungeon.
             The game lasted 00:06:15 (2385 turns).

freelancePsychic the Digger (GrEE)                  Turns: 2385, Time: 00:06:16

Health: -1/28      AC:  7    Str: 11    XL:     5   Next: 64%
Magic:  0/10       EV: 11    Int: 17    God:
Gold:   48         SH:  0    Dex: 10    Spells: 6/10 levels left

rFire    . . .     SeeInvis .   a - +0 whip
rCold    . . .     Faith    .   (no shield)
rNeg     + . .     Spirit   .   c - +0 robe
rPois    ∞         Reflect  .   (no helmet)
rElec    +         Harm     .   (no cloak)
rCorr    .         Rampage  .   (no gloves)
Will     .....                  g - +0 pair of boots
Stlth    ++........             (no amulet)
HPRegen  0.09/turn              (no ring)
MPRegen  0.12/turn              (no ring)

@: no status effects
A: sickness immunity, AC +4, negative energy resistance 1, electricity
resistance, torment resistance 1, petrification resistance
a: no special abilities


You were on level 4 of the Dungeon.
You visited 1 branch of the dungeon, and saw 3 of its levels.

You collected 48 gold pieces.

Inventory:

Hand Weapons
 a - a +0 whip (weapon)
Missiles
 b - 55 stones
Armour
 c - a +0 robe (worn)
 g - a +0 pair of boots (worn)
Potions
 d - 2 potions of ambrosia {unknown}
 e - a potion of degeneration {unknown}
 f - a potion of mutation {unknown}


   Skills:
 - Level 1.5 Dodging
 - Level 2.1 Stealth
 + Level 3.3 Spellcasting
 + Level 3.1 Conjurations
 - Level 0.7 Transmutations
 + Level 5.2 Earth Magic


You had 6 spell levels left.
You knew the following spells:

 Your Spells              Type           Power      Damage    Failure   Level
a - Sandblast             Erth           40%        2d10      1%          1
b - Stone Arrow           Conj/Erth      34%        3d9       9%          3

Your spell library contained the following spells:

 Spells                   Type           Power      Damage    Failure   Level
 Passwall                 Tmut/Erth      10%        N/A       8%          2
 Petrify                  Tmut/Erth      12%        N/A       45%         4
 Lee's Rapid Deconstruct  Erth           10%        3d9*      47%         5


Dungeon Overview and Level Annotations

Branches:
Dungeon (2/15)

Altars:
Elyvilon

Annotations:
D:4 1 runed translucent door, bilbop's ghost, novice MiFi


Innate Abilities, Weirdness & Mutations

You are immune to sickness and miasma.
Your stone body is resilient. (AC +4)
You are immune to poison.
You resist negative energy. (rN+)
You are resistant to electric shocks. (rElec)
You are resistant to unholy torment.
You are immune to petrification.


Message History

Casting: Sandblast (safe; 1% risk of failure)
Confirm with . or Enter, or press ? or * to list all spells.
Aiming: Sandblast (safe; 1% risk of failure)
Press: ? - help, Shift-Dir - straight line, f/p - orc priest
Aim: an orc priest, wielding a +0 hand axe and wearing a +0 chain mail (severely wounded, 86% to hit)
The blast of sand hits the orc priest but does no damage.
The orc priest is severely wounded.
The orc priest hits you with a +0 hand axe.
Casting: Sandblast (safe; 1% risk of failure)
Confirm with . or Enter, or press ? or * to list all spells.
Aiming: Sandblast (safe; 1% risk of failure)
Press: ? - help, Shift-Dir - straight line, f/p - orc priest
Aim: an orc priest, wielding a +0 hand axe and wearing a +0 chain mail (severely wounded, 86% to hit)
The blast of sand hits the orc priest but does no damage.
The orc priest is severely wounded.
The orc priest closely misses you.
Casting: Sandblast (safe; 1% risk of failure)
Confirm with . or Enter, or press ? or * to list all spells.
Aiming: Sandblast (safe; 1% risk of failure)
Press: ? - help, Shift-Dir - straight line, f/p - orc priest
Aim: an orc priest, wielding a +0 hand axe and wearing a +0 chain mail (severely wounded, 86% to hit)
The blast of sand hits the orc priest but does no damage.
The orc priest is severely wounded.
The orc priest hits you but does no damage.
You hit the orc priest but do no damage.
The orc priest is severely wounded.
The orc priest hits you but does no damage.
You hit the orc priest but do no damage.
The orc priest is severely wounded.
The orc priest mumbles some strange prayers to Beogh against you.
Beogh smites you!
You barely miss the orc priest.
The orc priest is severely wounded.
The orc priest hits you with a +0 hand axe.
The orc priest barely misses you.
You hit the orc priest.
The orc priest is severely wounded.
The orc priest calls down the wrath of Beogh upon you.
Beogh smites you!
You die...

#.##.#.## #...# #....#.##
#...# ####### #.......#
#...# #.....#
#......o######...###
#.....###.##.##)##..........
#.........##....)...o.......
#.....###[#####.##..........
#.....# #)#####.####.#.$..##
####### #.o@....# #.#....#
#.####### #.#....# #.#
#.#....# #.# #..o...# #.#
#......# #.# #.##.#.# ..#
#o....... ### #...##.#.
....# .#.


You could see an orc priest.

Vanquished Creatures
  Blork the orc (D:4)
  A hound skeleton (D:4)
  Robin (D:2)
  2 adders
  An adder skeleton (D:4)
  A dart slug (D:1)
  3 orcs (D:4)
  5 bats
  7 endoplasms
  6 goblins
  8 hobgoblins
  7 jackals (D:1)
  5 kobolds
  4 quokkas
  3 ball pythons
  A frilled lizard (D:1)
  2 rats (D:1)
58 creatures vanquished.

Notes
Turn   | Place    | Note
-------+----------+-------------------------------------------
     0 | D:1      | freelancePsychic the Gargoyle Earth Elementalist began the
                  | quest for the Orb.
     0 | D:1      | Reached XP level 1. HP: 10/10 MP: 3/3
   211 | D:1      | Reached XP level 2. HP: 10/15 MP: 1/5
   246 | D:1      | Reached skill level 1 in Conjurations
   525 | D:1      | Reached skill level 4 in Earth Magic
   645 | D:1      | Reached XP level 3. HP: 16/19 MP: 0/6
   909 | D:1      | Found a faded altar of an unknown god.
  1347 | D:2      | Found a white marble altar of Elyvilon.
  1353 | D:2      | Learned a level 3 spell: Stone Arrow
  1489 | D:2      | Noticed Robin
  1496 | D:2      | Killed Robin
  1501 | D:2      | Reached XP level 4. HP: 24/24 MP: 2/8
  1792 | D:2      | You fall into a shaft and drop 2 floors!
  1847 | D:4      | Found a runed translucent door.
  1847 | D:4      | Noticed bilbop's ghost (novice MiFi)
  2004 | D:4      | Noticed Blork the orc
  2012 | D:4      | Killed Blork the orc
  2013 | D:4      | Reached skill level 5 in Earth Magic
  2013 | D:4      | Reached XP level 5. HP: 5/28 MP: 0/9
  2385 | D:4      | Killed from afar by an orc priest

Illustrated notes

Levels and vault maps discovered:
D:1:      dpeg_arrival_lava_temple_mockup, layout_basic,
          shapermc_ecumenical_altar_notcrosses, minmay_misc_feat_room
D:2:      layout_loops_ring, basic_altar, uniq_robin
D:4:      layout_loops_cross, hellmonk_ghost_happy_afterlife, uniq_blork_the_orc

Skill      XL: |  1  2  3  4 |
---------------+-------------+-----
Conjurations   | 1 2 3 |  3.1
Earth Magic    | 4 5 |  5.2
Spellcasting   | 3 |  3.3
Dodging        | |  1.5
Stealth        | |  2.1
Transmutations | |  0.7

Action                   |  1- 3 |  4- 6 || total
-------------------------+-------+-------++-------
Melee: Unarmed           |    23 |       ||    23
       Whip              |    17 |     7 ||    24
 Cast: Sandblast         |    43 |    43 ||    86
       Stone Arrow       |     2 |       ||     2
  Use: Scroll            |       |     1 ||     1
Armor: Robe              |    31 |    10 ||    41
Dodge: Dodged            |    57 |    18 ||    75

Table legend: (Time is in decaauts)
 A = Elapsed time spent in this place.
 B = Non-inter-level travel time spent in this place.
 C = Inter-level travel time spent in this place.
 D = Time resting spent in this place.
 E = Time spent auto-exploring this place.
 F = Levels seen in this place.
 G = Mean time per level.
                   A        B        C        D        E       F      G
               +--------+--------+--------+--------+--------+-----+--------+
         Total |   2386 |   2349 |     37 |    348 |   1557 |   3 |  795.3 |
       Dungeon |   2386 |   2349 |     37 |    348 |   1557 |   3 |  795.3 |
               +--------+--------+--------+--------+--------+-----+--------+

Top non-repeatable levels by time:
     D:1: 1298 daAuts
     D:4: 593 daAuts
     D:2: 494 daAuts
